 Dungeon Crawl Stone Soup version 0.30.0-5-g1a98f26d00 (webtiles) character file.

Game seed: 13514828635874617668

88 jasper the Magician (level 4, 0/35 HPs)
             Began as a Human Wanderer on May 8, 2023.
             Was a Follower of Makhleb.
             Killed by nerve-wracking pain
             ... invoked by Grinder
              (13 damage)
             ... on level 3 of the Dungeon.
             The game lasted 00:04:27 (2992 turns).

jasper the Magician (Human Wanderer)                Turns: 2992, Time: 00:04:27

Health: 0/35       AC:  5    Str: 17    XL:     4   Next: 82%
Magic:  2/11       EV: 11    Int: 15    God:    Makhleb [*.....]
Gold:   126        SH:  0    Dex: 13    Spells: 12/13 levels left

rFire   . . .        v - +2 mace (heavy)
rCold   . . .        (no shield)
rNeg    . . .        d - +0 robe
rPois   .            q - +2 helmet
rElec   .            (no cloak)
rCorr   .            (no gloves)
SInv    .            (no boots)
Will    .....        (no amulet)
Stlth   +            w - +6 ring of strength
HPRegen 0.25/turn    (no ring)
MPRegen 0.12/turn

%: no passive effects
@: no status effects
A: no striking features
a: Renounce Religion


You were on level 3 of the Dungeon.
You worshipped Makhleb.
Makhleb was aware of your devotion.
You visited 1 branch of the dungeon, and saw 3 of its levels.

You collected 126 gold pieces.

Inventory:

Hand Weapons
 a - a +0 dagger
 o - a +0 flail
 v - a +2 heavy mace (weapon)
Missiles
 b - 16 poisoned darts
Armour
 d - a +0 robe (worn)
 m - a +0 ring mail
 q - a +2 helmet (worn)
 r - a +0 scale mail
Jewellery
 w - a +6 ring of strength (left hand)
Scrolls
 c - a scroll of fog
 g - 3 scrolls of teleportation {unknown}
 h - a scroll of magic mapping {unknown}
 j - 3 scrolls of identify {unknown}
 l - a scroll of torment {unknown}
 p - a scroll of fear {unknown}
 s - a scroll of noise {unknown}
 u - a scroll of enchant armour {unknown}
 y - a scroll of enchant weapon {unknown}
Potions
 e - 2 potions of curing {unknown}
 f - 2 potions of might {unknown}
 i - a potion of degeneration {unknown}
 k - a potion of mutation {unknown}
 n - 2 potions of brilliance {unknown}
 t - a potion of magic {unknown}
 x - a potion of flight {unknown}


   Skills:
 - Level 3.3 Fighting
 + Level 2.0 Maces & Flails
 - Level 2.0 Throwing
 - Level 5.0 Spellcasting
 - Level 2.0 Air Magic


You had 12 spell levels left.
You knew the following spells:

 Your Spells              Type           Power      Damage    Failure   Level
a - Shock                 Conj/Air       24%        1d4       11%         1

Your spell library contained the following spells:

 Spells                   Type           Power      Damage    Failure   Level
 Beastly Appendage        Tmut           6%         N/A       16%         1
 Magic Dart               Conj           12%        1d3       16%         1
 Swiftness                Air            9%         N/A       22%         3
 Blink                    Tloc           6%         N/A       24%         2
 Frozen Ramparts          Ice            6%         1d1       43%         3


Dungeon Overview and Level Annotations

Branches:
Dungeon (3/15)

Altars:
Makhleb
The Shining One

Annotations:
D:3 Grinder


Message History

You now have 4/11 mp.
Casting: Shock (safe; 11% risk of failure)
Confirm with . or Enter, or press ? or * to list all spells.
Aiming: Shock (safe; 11% risk of failure)
Press: ? - help, Shift-Dir - straight line The zap hits Grinder.
Grinder is lightly wounded.
Grinder barely misses you.
You now have 3/11 mp.
Casting: Shock (safe; 11% risk of failure)
Confirm with . or Enter, or press ? or * to list all spells.
Aiming: Shock (safe; 11% risk of failure)
Press: ? - help, Shift-Dir - straight line The zap hits Grinder.
Grinder is lightly wounded.
Grinder hits you!
You writhe in agony.
You take 10 damage, and have 25/35 hp.
MASSIVE DAMAGE!!
You now have 2/11 mp.
Casting: Shock (safe; 11% risk of failure)
Confirm with . or Enter, or press ? or * to list all spells.
Aiming: Shock (safe; 11% risk of failure)
Press: ? - help, Shift-Dir - straight line The zap misses Grinder.
Grinder hits you.
You writhe in agony.
You take 5 damage, and have 20/35 hp.
You now have 1/11 mp.
Okay, then.
Okay, then.
You closely miss Grinder.
Grinder is lightly wounded.
Grinder hits you but does no damage. Grinder gestures at you.
Pain shoots through your body!
You take 3 damage, and have 17/35 hp.
You hit Grinder.
Grinder is moderately wounded.
Grinder misses you. Grinder hits you.
You take 4 damage, and have 13/35 hp.
You sock Grinder!
Grinder is heavily wounded.
Grinder gestures at you. Pain shoots through your body!
You die...

#................#
#................#
####...##........#
.......##........#
####...##........#
#...##........#
#...##........#
######........#
#.......@# ###.#
#########.......5#......
...................).5..
##################......
....<....... ......
####....#### #####
.......<....
............
############


You could see Grinder.

Vanquished Creatures
  3 adders
  A dart slug (D:1)
  4 orcs (D:3)
  2 ball pythons (D:1)
  7 bats
  7 endoplasms
  4 giant cockroaches
  A goblin (D:1)
  7 hobgoblins
  3 quokkas
  3 frilled lizards
  2 kobolds (D:1)
  7 rats
51 creatures vanquished.

Notes
Turn   | Place    | Note
-------+----------+-------------------------------------------
     0 | D:1      | jasper the Human Wanderer began the quest for the Orb.
     0 | D:1      | jasper set off with the following items: a +0 dagger, 9
                  | poisoned darts, a scroll of fog, a +0 robe; and the
                  | following spells available to memorise: Shock, Beastly
                  | Appendage, Magic Dart, Swiftness, Blink, Frozen Ramparts.
     0 | D:1      | Reached XP level 1. HP: 13/13 MP: 6/6
     2 | D:1      | Learned a level 1 spell: Shock
   171 | D:1      | Reached skill level 1 in Fighting
   241 | D:1      | Reached XP level 2. HP: 20/21 MP: 2/8
   839 | D:1      | Reached XP level 3. HP: 26/28 MP: 2/9
  1784 | D:2      | Found a faded altar of an unknown god.
  1788 | D:2      | Prayed at the altar of an unknown god.
  1788 | D:2      | Became a worshipper of Makhleb the Destroyer
  1788 | D:2      | Reached * piety under Makhleb
  1862 | D:2      | Reached XP level 4. HP: 35/35 MP: 2/11
  2024 | D:2      | Reached skill level 1 in Maces & Flails
  2193 | D:2      | Found a glowing golden altar of the Shining One.
  2977 | D:3      | Noticed Grinder
  2992 | D:3      | Killed from afar by Grinder

Illustrated notes

Levels and vault maps discovered:
D:1:      lemuel_arrival_funnel, layout_loops_cross, serial_co_window_serial,
          co_window_corner_a, co_window_paths_a, co_window_of_opportunity_a,
          co_window_paths_a, co_window_cross_1, co_window_corner_a,
          co_window_paths_b, co_window_broadway_c, co_window_of_opportunity_b,
          co_window_2corner, co_window_corner_b, glass_columns_b,
          glass_columns_b, glass_columns_c, glass_columns_a, minmay_hexomino_f4
D:2:      wander_river, layout_basic, ebering_ecumenical_altar_box, basic_altar,
          nicolae_elevator_lobby_asterisk
D:3:      layout_basic, lemuel_doored_altar, marbit_many_paths, uniq_ijyb,
          uniq_grinder

Skill      XL: |  1  2  3  4 |
---------------+-------------+-----
Fighting       | 1 2 3 |  3.3
Maces & Flails | 2 |  2.0
Throwing       | |  2.0
Spellcasting   | |  5.0
Air Magic      | |  2.0

Action                     |  1- 3 |  4- 6 || total
---------------------------+-------+-------++-------
  Melee: Dagger            |     9 |       ||     9
         Mace              |       |    15 ||    15
         Flail             |       |     5 ||     5
   Cast: Shock             |    91 |    43 ||   134
 Armour: Robe              |     4 |    17 ||    21
  Dodge: Dodged            |    31 |    23 ||    54
